 Dungeon Crawl Stone Soup version 0.31-a0-152-g6aa68a64a1 (webtiles) character file.

Game seed: 2379672056840195507

63 qw the Chopper (level 4, -2/28 HPs)
             Began as a Gargoyle Fighter on June 10, 2023.
             Slain by a gnoll
             ... wielding a +0 halberd
              (6 damage)
             ... on level 2 of the Dungeon.
             The game lasted 00:00:36 (1008 turns).

qw the Chopper (Gargoyle Fighter)                   Turns: 1008, Time: 00:00:36

Health: -2/28      AC: 10    Str: 22    XL:     4   Next: 9%
Magic:  4/4        EV:  9    Int:  8    God:
Gold:   104        SH:  4    Dex:  9    Spells: 3/3 levels left

rFire   . . .        Y - +0 war axe
rCold   . . .        c - +0 buckler
rNeg    + . .        b - +0 scale mail
rPois   inf          (no helmet)
rElec   +            (no cloak)
rCorr   .            (no gloves)
SInv    .            (no boots)
Will    .....        (no amulet) Stlth
                     (no ring)
HPRegen 0.24/turn    (no ring)
MPRegen 0.09/turn

%: no passive effects
@: no status effects
A: sickness immunity, AC +3, negative energy resistance 1, electricity
resistance, torment resistance 1, petrification resistance
a: no special abilities


You were on level 2 of the Dungeon.
You visited 1 branch of the dungeon, and saw 2 of its levels.

You collected 104 gold pieces.


Innate Abilities, Weirdness & Mutations

You are immune to sickness and miasma.
Your stone body is resilient. (AC +3)
You are immune to poison.
You resist negative energy. (rN+)
You are resistant to electric shocks. (rElec)
You are resistant to unholy torment.
You are immune to petrification.


   Skills:
 - Level 3.2 Fighting
 + Level 3.9 Axes
 - Level 3.2 Armour
 - Level 3.2 Shields


You had 3 spell levels left.
You didn't know any spells.
Your spell library was empty.

Inventory:

Hand Weapons
 g - a +0 vampiric whip
 Y - a +0 war axe (weapon)
Armour
 b - a +0 scale mail (worn)
 c - a +0 buckler (worn)
Jewellery
 e - a +4 ring of protection
Scrolls
 h - a scroll of blinking {unknown}
Potions
 a - a potion of curing {unknown}
 d - 2 potions of might
 f - a potion of cancellation {unknown}

Dungeon Overview and Level Annotations

Branches:
Dungeon (2/15)

Altars:
Xom


Message History

You have reached level 4!
You feel stronger.
The gnoll hits you but does no damage. x2; The gnoll barely misses you.
The gnoll hits you but does no damage.
You see here a worm corpse.
Enter note:
Enter note:
Enter note:
Enter note:
Enter note:
Enter note:
Enter note:
Enter note:
Enter note: You barely miss the gnoll.
You hit the gnoll but do no damage. You closely miss the gnoll.
You hit the kobold but do no damage. The kobold barely misses you.
The gnoll hits you but does no damage. x2
The gnoll closely misses you. You block the gnoll's attack.
You closely miss the gnoll. You barely miss the kobold. You hit the gnoll.
You closely miss the gnoll. The kobold hits you with a +0 whip.
The gnoll closely misses you. The gnoll hits you but does no damage.
The gnoll hits you with a +0 halberd. The gnoll hits you but does no damage.
You closely miss the gnoll.
The gnoll is moderately wounded.
You barely miss the kobold. You slash the gnoll! You hit the gnoll.
You block the kobold's attack. The gnoll hits you with a +0 spear.
The gnoll closely misses you.
The gnoll hits you from afar with a +0 spear.
The gnoll hits you but does no damage. You block the kobold's attack.
The gnoll barely misses you.
The gnoll hits you from afar with a +0 spear.
The gnoll hits you with a +0 halberd. The gnoll barely misses you.
You hit the gnoll.
You kill the gnoll!
You slash the kobold!
You kill the kobold!
You barely miss the gnoll. You hit the gnoll. The gnoll barely misses you.
The gnoll hits you but does no damage. The gnoll hits you with a +0 halberd.
You die...

#8.... #.... #...#
#...# #..8# #...#
###)l.##### ###
#.'@g...8.. #..
#.#8gg..... #.#
#.######### ###.#
#......... .##.##
#......... .....##
#.........
.##...########.........
...<........#..........
...#...................


You could see 3 gnolls and a frilled lizard.

Vanquished Creatures
  A gnoll (D:2)
  2 adders (D:2)
  A worm (D:2)
  2 dart slugs (D:1)
  An endoplasm (D:1)
  A giant cockroach (D:1)
  5 goblins
  6 hobgoblins
  7 jackals (D:2)
  6 kobolds
  2 ball pythons (D:2)
  2 frilled lizards (D:2)
36 creatures vanquished.

Notes
Turn   | Place    | Note
-------+----------+-------------------------------------------
     0 | D:1      | qw the Gargoyle Fighter began the quest for the Orb.
     0 | D:1      | Reached XP level 1. HP: 14/14 MP: 1/1
     0 | D:1      | 0 ||| qw: Version: 0.2-a-123-gb51047a
     0 | D:1      | 0 ||| qw: Game counter: 3721
     0 | D:1      | 0 ||| qw: Always use a shield: true
     0 | D:1      | 0 ||| qw: God list: Okawaru
     0 | D:1      | 0 ||| qw: Allow faded altars: false
     0 | D:1      | 0 ||| qw: Do Orc after D:15 true
     0 | D:1      | 0 ||| qw: Do second Lair branch before Depths: true
     0 | D:1      | 0 ||| qw: Lair rune preference: random
     0 | D:1      | 0 ||| qw: Plans: Normal, Zot:1-4, Slime:5, God:TSO, Crypt,
                  | Tomb, Abyss, Pan, Hells, Win
     0 | D:1      | 0 ||| PLANNING D:1-11
    79 | D:1      | Found a faded altar of an unknown god.
   113 | D:1      | Reached XP level 2. HP: 19/19 MP: 2/2
   133 | D:1      | 133 ||| Stepping ~*~*~tactically~*~*~ (hiding).
   272 | D:1      | 272 ||| DROPPING +0 club.
   299 | D:1      | 299 ||| Stepping ~*~*~tactically~*~*~ (hiding).
   543 | D:1      | 543 ||| READING scroll labelled CERUFE KOIXTOCS.
   544 | D:1      | 544 ||| READING scroll labelled MECIAS QI XYTU.
   586 | D:2      | 586 ||| STAIRDANCE
   655 | D:2      | Reached skill level 3 in Axes
   669 | D:2      | Reached XP level 3. HP: 14/23 MP: 3/3
   935 | D:2      | Found a shimmering altar of Xom.
  1004 | D:2      | Reached XP level 4. HP: 14/28 MP: 4/4
  1007 | D:2      | HP: 5/28 [gnoll/+0 spear (4)]
  1008 | D:2      | Slain by a gnoll

Levels and vault maps discovered:
D:1:      psy_arrival_statuary, layout_rooms, basic_ecumenical_altar,
          chequers_serial_rivers_small_3
D:2:      layout_rooms, basic_altar, nicolae_nh_oracle_at_delphi

Skill      XL: |  1  2 |
---------------+-------+-----
Axes           | 2 3 |  3.9
Fighting       | |  3.2
Armour         | |  3.2
Shields        | |  3.2

Action                     |  1- 3 |  4- 6 || total
---------------------------+-------+-------++-------
  Melee: War axe           |    97 |     4 ||   101
    Use: Scroll            |     2 |       ||     2
 Armour: Scale mail        |    70 |     9 ||    79
  Dodge: Dodged            |    52 |     8 ||    60
  Block: Buckler           |    24 |     3 ||    27

Table legend:
 A = Non-vault XP
 B = Vault XP
 C = Vault XP percentage of total XP
 D = Non-vault monster count
 E = Vault monster count
 F = Vault count percentage of total count
                 A         B        C        D         E       F
            +---------+---------+-------+---------+---------+-------
      Total |      91 |      15 |  14.2 |      34 |       2 |   5.6
            +---------+---------+-------+---------+---------+-------
        D:1 |      29 |       0 |   0.0 |      13 |       0 |   0.0
        D:2 |      62 |      15 |  19.5 |      21 |       2 |   8.7
            +---------+---------+-------+---------+---------+-------
